 Dungeon Crawl Stone Soup version 0.24.1-4-ge52af88ad5 (webtiles) character file.

Game seed: 18130087004237039570, levelgen mode: deterministic

37 Jakon the Shooter (level 3, 0/43 HPs)
             Began as a Centaur Hunter on Apr 16, 2020.
             Succumbed to an adder's poison
             ... on level 2 of the Dungeon.
             The game lasted 00:06:50 (1317 turns).

Jakon the Shooter (Centaur Hunter)                  Turns: 1317, Time: 00:06:51

Health: 0/43       AC: 21    Str: 11 (14) XL:     3   Next: 23%
Magic:  3/3        EV:  1    Int: 14 (15) God:
Gold:   73         SH:  0    Dex:  7 (10) Spells: 2/2 levels left

rFire    . . .     SeeInvis .   b - +0 short sword
rCold    . . .     Gourm    .   (no shield)
rNeg     + + +     Faith    .   (armour currently unavailable)
rPois    +         Spirit   .   (helmet currently unavailable)
rElec    .         Reflect  .   (cloak currently unavailable)
rCorr    .         Harm     .   (gloves currently unavailable)
MR       .....     NoTele   +   (no barding)
Stlth    +.........             (no amulet)
HPRegen  0.14/turn              j - ring of teleportation (curse)
MPRegen  0.08/turn              (no ring)

@: brilliant, lethally poisoned (0 -> -3), tree-form
A: large
a: no special abilities


You were on level 2 of the Dungeon.
You were not hungry.
You were a tree.
You visited 1 branch of the dungeon, and saw 2 of its levels.

You collected 73 gold pieces.

Inventory:

Hand Weapons
 a - a +1 shortbow
 b - a +0 short sword (weapon)
Missiles
 d - 6 arrows
Armour
 l - a +0 leather armour of cold resistance (melded)
Jewellery
 j - a cursed ring of teleportation (left branch)
Scrolls
 c - 2 scrolls of teleportation {unknown}
 e - a scroll of fog {unknown}
 g - a scroll of amnesia {unknown}
 i - 3 scrolls of identify {unknown}
 m - a scroll of enchant armour {unknown}
 n - a scroll of random uselessness {unknown}
Potions
 h - 2 potions of degeneration
 k - a potion of brilliance
Comestibles
 f - a ration


   Skills:
 + Level 2.1 Fighting
 + Level 6.7 Bows
 + Level 0.1 Armour
 + Level 1.4 Dodging
 + Level 0.4 Stealth


You had 2 spell levels left.
You didn't know any spells.
Your spell library was empty.

Dungeon Overview and Level Annotations

Branches:
Dungeon (2/15)

Altars:
Hepliaklqana
Makhleb


Innate Abilities, Weirdness & Mutations

((You have hooves in place of feet.))
((Armour fits poorly on your strangely shaped body.))
((You cover ground very quickly.))
((You have extremely tough skin. (AC +3)))


Message History

The giant cockroach bites you but does no damage.
It was a potion of brilliance.
You feel clever all of a sudden. The adder bites you but does no damage.
The giant cockroach completely misses you.
It was a potion of lignification.
You turn into a tree.
Your +0 leather armour of cold resistance melds into your body.
You feel less resistant to cold.
Your roots penetrate the ground.
* * * LOW HITPOINT WARNING * * *
You feel sick. The adder bites you but does no damage.
The giant cockroach bites you but does no damage.
You closely miss the adder.
The adder is moderately wounded.
The adder bites you but does no damage.
The giant cockroach bites you but does no damage.
The adder bites you.
* * * LOW HITPOINT WARNING * * *
You closely miss the adder.
The adder is moderately wounded.
You die...

#.. .# ## #.( #.# .# #.(
... .. .# .(. ..# .#
.#### #..###S.# .##..
....# #.......# .##.#
... #......# ##.##.##.#
# #...# #.....)♣.# #.#
#...######<###.#Ss# ...#
#....(†....##(.#..#.....
#....###......##........
...........#..##.##.....
.................#......
...........#..####......
#....###......## #......
#....).........###....?.


You could see an adder and a giant cockroach.

Vanquished Creatures
  2 oozes (D:1)
  A dart slug (D:1)
  2 leopard geckos (D:1)
  2 giant cockroaches
  A goblin (D:1)
  A hobgoblin (D:1)
  3 jackals (D:2)
  2 kobolds (D:1)
  5 bats (D:1)
  3 frilled lizards
  4 rats (D:1)
26 creatures vanquished.

Notes
Turn   | Place    | Note
-------+----------+-------------------------------------------
     0 | D:1      | Jakon the Centaur Hunter began the quest for the Orb.
     0 | D:1      | Reached XP level 1. HP: 17/17 MP: 1/1
   183 | D:1      | Reached XP level 2. HP: 24/24 MP: 2/2
   316 | D:1      | Reached skill level 6 in Bows
   572 | D:1      | Reached XP level 3. HP: 21/29 MP: 3/3
   979 | D:2      | Found a burning altar of Makhleb.
   982 | D:2      | Noticed a blizzard demon
   985 | D:2      | Noticed a ynoxinul
   985 | D:2      | Noticed a smoke demon
  1151 | D:2      | Found a hazy altar of Hepliaklqana.
  1313 | D:2      | HP: 1/29 [poisoned by an adder]
  1317 | D:2      | Succumbed to an adder's poison

Levels and vault maps discovered:
D:1:      minmay_arrival_shattered_statue, layout_basic,
          chequers_serial_rivers_room_b
D:2:      layout_loops_cross, makhleb_altar_promises_db,
          lemuel_coloured_pillars_altar

Skill      XL: |  1  2 |
---------------+-------+-----
Bows           | 6 |  6.7
Fighting       | |  2.1
Armour         | |  0.1
Dodging        | |  1.4
Stealth        | |  0.4

Action                   || total
-------------------------++-------
Melee: Short sword       ||    23
       Kick              ||     4
 Fire: Shortbow          ||    68
  Use: Potion            ||     3
Armor: Leather armour    ||    15
       Skin              ||     4
Dodge: Dodged            ||    23
